 Dungeon Crawl Stone Soup version 0.31.0-10-gcf4a605ca0 (webtiles) character file.

Game seed: 12936616436762108027

83596 croobank the Spry (level 15, -3/85 (86) HPs)
             Began as a Felid Summoner on Jan 24, 2024.
             Was an Initiate of Gozag.
             Slain by a tengu warrior
             ... wielding a +0 dire flail
              (5 damage)
             ... on level 15 of the Dungeon on Jan 25, 2024.
             The game lasted 02:12:29 (37744 turns).

croobank the Spry (Felid Summoner)                 Turns: 37744, Time: 02:12:30

HP:   -3/85 (86)    AC:  3    Str: 10    XL:     15   Next: 32%
MP:   1/31          EV: 30    Int: 25    God:    Gozag
Gold: 5255          SH:  0    Dex: 18    Spells: 9/36 levels left
                                        Lives: 0   Deaths: 5

rFire   + . .        (weapon unavailable)
rCold   + . .        (shield unavailable)
rNeg    . . .        (body armour unavailable)
rPois   .            (helmet unavailable)
rElec   .            (cloak unavailable)
rCorr   .            (gloves unavailable)
SInv    +            (boots unavailable)
Will    ++...        (no amulet)
Stlth   +++++++      q - ring of protection from fire
HPRegen 0.34/turn    j - +6 ring of strength
MPRegen 0.22/turn

%: no passive effects
@: forested, studying Stealth, lightly drained
A: very small, claws 1, fangs 3, see invisible, shaggy fur 3, stealthy paws, no
weapons or thrown items, no armour, multi-lived
a: Renounce Religion, Potion Petition, Call Merchant, Bribe Branch


You were on level 15 of the Dungeon.
You worshipped Gozag.
Gozag was greatly pleased with you.
You visited 4 branches of the dungeon, and saw 23 of its levels.

You collected 7354 gold pieces.
You spent 1399 gold pieces at shops.
You paid 700 gold pieces to Gozag.

Inventory:

Armour
 e - a +0 plate armour
Jewellery
 j - a +6 ring of strength (right paw)
 m - a ring of willpower
 q - a ring of protection from fire (left paw)
 A - an amulet of guardian spirit
Talismans
 r - a serpent talisman
Wands
 c - a wand of paralysis (3)
 y - a wand of polymorph (12)
 F - a wand of mindburst (6)
 G - a wand of flame (13)
Scrolls
 g - 3 scrolls of poison
 k - 5 scrolls of fog
 n - 3 scrolls of amnesia
 o - 3 scrolls of revelation
 s - a scroll of vulnerability
 u - 4 scrolls of immolation
 w - 4 scrolls of identify
 B - a scroll of silence
Potions
 f - 4 potions of ambrosia
 h - a potion of lignification
 l - 5 potions of enlightenment
 p - 3 potions of mutation
 t - a potion of curing
 v - a potion of attraction
 x - 3 potions of resistance
 z - 3 potions of might
 C - 3 potions of berserk rage
Miscellaneous
 D - a sack of spiders (inert)


   Skills:
 * Level 13.1 Fighting
 * Level 17.1 Dodging
 + Level 16.7 Stealth
 * Level 11.2 Spellcasting
 - Level 3.0 Conjurations
 * Level 11.4 Summonings
 - Level 5.0 Fire Magic
 - Level 7.0 Air Magic
 - Level 3.0 Alchemy


You had 9 spell levels left.
You knew the following spells:

 Your Spells              Type           Power      Damage    Failure   Level
a - Summon Small Mammal   Summ           100%       N/A       1%          1
b - Call Imp              Summ           100%       N/A       1%          2
c - Call Canine Familiar  Summ           63%        N/A       1%          3
d - Summon Blazeheart Go  Fire/Summ      53%        N/A       1%          4
e - Summon Lightning Spi  Summ/Air       56%        N/A       1%          4
f - Summon Mana Viper     Hex/Summ       42%        N/A       12%         5
g - Summon Forest         Summ/Tloc      21%        N/A       12%         5
M - Mephitic Cloud        Conj/Alch/Air  35%        N/A       2%          3

Your spell library contained the following spells:

 Spells                   Type           Power      Damage    Failure   Level
 Mercury Vapours          Alch/Air       78%        N/A       1%          2
 Kiss of Death            Conj/Necr      84%        2d11      2%          1
 Slow                     Hex            56%        N/A       4%          1
 Inner Flame              Hex/Fire       26%        N/A       4%          3
 Summon Cactus Giant      Summ           31%        N/A       6%          6
 Jinxbite                 Hex            28%        N/A       7%          2
 Lesser Beckoning         Tloc           28%        N/A       7%          2
 Flame Wave               Conj/Fire      34%        2d10      9%          4
 Sticky Flame             Fire/Alch      34%        2d7       9%          4
 Confusing Touch          Hex            14%        N/A       13%         3
 Gell's Gravitas          Tloc           14%        N/A       13%         3
 Ozocubu's Armour         Ice            14%        N/A       13%         3
 Sigil of Binding         Hex            14%        N/A       13%         3
 Teleport Other           Tloc           14%        N/A       13%         3
 Vampiric Draining        Necr           14%        2d7       13%         3
 Brom's Barrelling Bould  Conj/Erth      21%        2d4       24%         4
 Fireball                 Conj/Fire      17%        3d9       24%         5
 Freezing Cloud           Conj/Ice/Air   15%        6-21      30%         5
 Iskenderun's Battlesphe  Conj           29%        2d8       34%         5
 Dispel Undead            Necr           14%        3d10      41%         4
 Yara's Violent Unravell  Hex/Alch       10%        3d6       54%         5
 Conjure Ball Lightning   Conj/Air       19%        3x3d6     65%         6
 Metabolic Englaciation   Hex/Ice        7%         N/A       77%         5
 Sculpt Simulacrum        Ice/Alch       10%        N/A       98%         6
 Haunt                    Necr/Summ      21%        N/A       98%         7
 Enfeeble                 Hex            7%         N/A       100%        7
 Orb of Destruction       Conj           14%        9d7       100%        7
 Borgnjor's Revivificati  Necr           7%         N/A       100%        8
 Death's Door             Necr           7%         N/A       100%        9


Dungeon Overview and Level Annotations

Branches:
Dungeon (15/15)            Temple (1/1) D:6            Lair (5/5) D:10
 Shoals (0/4) Lair:3       Spider (0/4) Lair:3        Slime (0/5) Lair:5
    Orc (2/2) D:12            Elf (0/3) Orc:2        Vaults (0/5) D:14
 Depths: D:15

Altars:
Ashenzari
Cheibriados
Dithmenos
Elyvilon
Fedhas
Gozag
Hepliaklqana
Kikubaaqudgha
Makhleb
Nemelex Xobeh
Okawaru
Qazlal
Ru
Sif Muna
Trog
Uskayaw
Vehumet
Wu Jian
Xom
Yredelemnul
Zin
The Shining One
Jiyva

Shops:
Orc:1 *   Orc:2 [:(*   Lair:4 *

Annotations:
D:5 2 transporters, SnakkuSnakku7's ghost, weakling FoDe
D:6 1 runed translucent door, Crazy Yiuf


Innate Abilities, Weirdness & Mutations

You have sharp claws.
You have razor-sharp teeth.
You have supernaturally acute eyesight. (SInv)
Your thick and shaggy fur keeps you warm. (AC +3, rC+)
Your paws help you pounce on unaware monsters.
You are incapable of wielding weapons or throwing items.
You cannot wear armour.
You gain extra lives every three experience levels.


Message History

The forest abruptly stops moving.
The tengu conjurer tears the web.
The eight-headed hydra roars!
Okay, then.
Okay, then.
Casting: Summon Forest (dangerous; 12% risk of failure)
Confirm with . or Enter, or press ? or * to list all spells.
Okay, then.
Okay, then.
What are your orders? t - Meow!
Orders for allies: a - Attack new target. p - Attack previous target. r - Retreat! s - Stop attacking. g - Guard the area. f - Follow me.
Anything else - Cancel.
Gang up on whom?
Press: ? - help, Dir - move target, p - tengu warrior You can't see that place. [the floor.]
Okay, then.
Aiming: Paralyse
Press: ? - help, Shift-Dir - straight line, f/p - tengu warrior
Aim: a tengu warrior, wielding a +0 dire flail and wearing a +0 leather armour (heavily wounded, chance to affect: 31%)
Okay, then.
Okay, then.
Okay, then.
Aiming: Iceblast
Press: ? - help, Shift-Dir - straight line, f - eight-headed hydra, p - tengu warrior
Aim: an eight-headed hydra (severely wounded)
The mass of ice explodes!
The iceblast engulfs the eight-headed hydra!
The eight-headed hydra is almost dead.
The iceblast engulfs the storm dragon zombie!
The storm dragon zombie partially resists.
The storm dragon zombie is almost destroyed.
The now-empty wand crumbles to dust.
You hear a shout!
The tengu warrior completely misses you.
The tengu warrior pecks you.
You die...
Your body crumbles into a pile of gold.

...# ###'##..#.......
...#.####.............
..<.................. #
..#.####.##..#.#..#). +.
+......♣#.......#.. #.♣.
#......##..#....#).
+....#......##..#.#..#<.
#..~.#♣##'♣.......#.....
#~≈≈~Q@....##..###.....
♣~≈~§ZD....♣#..# #.....
♣~~.~~.....##..###..#..
#.####♣.....♣..........
#.#.........♣......##.#
#.#####.$.♣....###.##.#
##+#######..####♣..#....#
#.##.#
.............$......##..#
#. #.#
........###.#######.##..#
#.#


You could see an eight-headed hydra, a tengu warrior and a storm dragon zombie.

Vanquished Creatures
  Nessos (Lair:4)
  An ettin (Orc:1)
  A hydra (Lair:5)
  A centaur warrior (D:13)
  A catoblepas (Lair:5)
  7 death yaks
  A two-headed ogre (D:12)
  A boulder beetle (D:13)
  3 tengu warriors
  An orc high priest (Orc:2)
  A vampire mage (D:15)
  Sonja (Lair:5)
  A skeletal warrior (D:15)
  A skyshark (Lair:5)
  A deep troll (D:14)
  3 lindwurms
  An orc knight (Orc:1)
  2 ugly things (D:13)
  A cyclops (D:12)
  A manticore (D:11)
  4 black mambas
  7 elephants
  A molten gargoyle (Lair:5)
  2 gargoyles (D:11)
  10 cane toads
  13 komodo dragons
  A rime drake (Lair:1)
  6 trolls
  A polar bear (Lair:2)
  Prince Ribbit (D:6)
  6 blink frogs
  A vampire (D:13)
  Sigmund (D:6)
  A wraith (D:12)
  39 yaks
  Eustachio (D:6)
  A basilisk (Lair:5)
  3 wargs (Orc:1)
  Grum (D:8)
  A vampire mosquito (D:12)
  A hell hound (Lair:5)
  4 water moccasins
  16 orc warriors
  An ice beast (D:7)
  9 ogres
  3 centaurs
  5 wolves
  A lemure (D:5)
  2 bullfrogs
  5 wights
  5 killer bees (D:10)
  2 electric eels (Lair:2)
  A hound (D:5)
  4 orc priests
  A gnoll bouda (D:6)
  2 jellies (Lair:5)
  A sleepcap (D:6)
  2 iguanas (D:6)
  5 orc wizards
  A hound zombie (D:4)
  2 gnolls
  9 orcs
  3 ball pythons
  3 bats
  An endoplasm (D:2)
  A giant cockroach (D:1)
  A hobgoblin (D:1)
  A jackal (D:2)
  A kobold (D:3)
  2 quokkas
  2 frilled lizards
  A snaplasher vine (D:13)
230 creatures vanquished.

Vanquished Creatures (collateral kills)
  An orc warlord (Orc:2)
  A fire dragon (Lair:5)
  A hydra (D:13)
  2 centaur warriors
  A boulder beetle (D:14)
  4 death yaks
  3 tengu warriors
  An orc high priest (Orc:2)
  2 two-headed ogres
  Pikel (D:5)
  A necromancer (D:15)
  2 deep elf pyromancers
  4 orc knights
  4 elephants
  4 orc sorcerers
  A merfolk siren (Lair:3)
  3 meliai (D:13)
  3 black mambas
  2 kobold blastminers
  2 molten gargoyles (Lair:5)
  8 cane toads
  A torpor snail (Lair:4)
  3 rime drakes
  Jeremiah (D:8)
  2 komodo dragons (Lair:5)
  An unseen horror (D:12)
  2 tengu conjurers
  An efreet (D:13)
  A troll (Orc:2)
  A polar bear (Lair:5)
  A tarantella (shapeshifter) (D:14)
  A hornet (D:10)
  17 dream sheep
  5 blink frogs
  A slime creature (D:13)
  2 jumping spiders (Lair:3)
  A vampire (D:13)
  2 wyverns (Lair:5)
  3 steam dragons
  A wraith (D:11)
  5 basilisks (Lair:5)
  19 yaks
  A vampire mosquito (D:12)
  A warg (Orc:1)
  3 hell hounds (Lair:5)
  6 water moccasins
  5 nameless horrors
  12 orc warriors
  2 ice beasts (D:6)
  6 wolves
  6 ogres
  4 centaurs (D:13)
  A lemure (D:5)
  A phantom (D:5)
  A kobold brigand (D:11)
  10 bullfrogs
  4 gnoll sergeants
  3 scorpions
  7 wights
  5 killer bees (D:10)
  4 howler monkeys
  4 bombardier beetles
  A bullfrog zombie (D:4)
  5 lava snakes (Lair:5)
  2 jellies
  8 orc priests
  2 gnoll boudas
  2 hounds (D:5)
  2 sleepcaps
  16 orc wizards
  3 hound zombies (D:4)
  30 gnolls
  10 adders
  4 dart slugs
  3 ribbon worms
  63 orcs
  6 endoplasms
  3 giant cockroaches
  8 goblins
  10 hobgoblins
  2 jackals (D:2)
  2 quokkas
  2 ball pythons (D:2)
  A bat (D:2)
  2 frilled lizards (D:2)
  9 kobolds
  6 rats
410 creatures vanquished.

Vanquished Creatures (others)
  An orc wizard (D:13)
  166 blazeheart cores
  7 snaplasher vines (D:13)
174 creatures vanquished.

Grand Total: 814 creatures vanquished

Notes
Turn   | Place    | Note
-------+----------+-------------------------------------------
     0 | D:1      | croobank the Felid Summoner began the quest for the Orb.
     0 | D:1      | Reached XP level 1. HP: 9/9 MP: 4/4
   226 | D:1      | Reached skill level 3 in Dodging
   226 | D:1      | Reached XP level 2. HP: 13/13 MP: 1/6
   508 | D:1      | Upgraded the game from 0.31.0-9-g3a7656b989 to
                  | 0.31.0-10-gcf4a605ca0
   649 | D:1      | Learned a level 2 spell: Call Imp
  1071 | D:2      | Reached XP level 3. HP: 16/16 MP: 2/7
  1158 | D:2      | Found a faded altar of an unknown god.
  1240 | D:2      | Learned a level 3 spell: Call Canine Familiar
  1613 | D:2      | Slain by an adder
  1613 | D:2      | Lost a life (0 lives remaining)
  1643 | D:2      | Reached XP level 4. HP: 21/21 MP: 3/8
  1643 | D:2      | Gained a life (1 life remaining)
  1713 | D:2      | Found the +2 hood of the Assassin {Detect Stab+ Stlth++}
  1967 | D:3      | Reached skill level 4 in Dodging
  2378 | D:3      | Reached XP level 5. HP: 24/24 MP: 6/10
  2467 | D:3      | Found a hazy altar of Hepliaklqana.
  2775 | D:3      | Found a shimmering altar of Xom.
  3009 | D:4      | Learned a level 4 spell: Summon Blazeheart Golem
  3085 | D:4      | Reached skill level 1 in Fighting
  3085 | D:4      | Reached skill level 5 in Stealth
  3090 | D:4      | Gained mutation: You are covered in thick fur. (AC +2)
                  | [Felid growth]
  3090 | D:4      | Reached XP level 6. HP: 30/30 MP: 8/11
  3319 | D:4      | Reached skill level 5 in Summonings
  3319 | D:4      | Reached skill level 1 in Fire Magic
  3400 | D:4      | Found a basalt altar of Yredelemnul.
  3472 | D:4      | Reached skill level 5 in Dodging
  3670 | D:4      | Noticed a nameless horror
  3683 | D:4      | Killed by an exploding ogre... ignited by their inner flame
  3683 | D:4      | Lost a life (0 lives remaining)
  3684 | D:4      | Reached XP level 7. HP: 35/35 MP: 13/13
  3684 | D:4      | Gained a life (1 life remaining)
  3697 | D:4      | Killed a nameless horror
  3809 | D:5      | Entered Level 5 of the Dungeon
  3842 | D:5      | Noticed a nameless horror
  4556 | D:5      | Killed a nameless horror
  4874 | D:5      | Reached skill level 6 in Dodging
  4883 | D:5      | Reached XP level 8. HP: 40/40 MP: 6/15
  5089 | D:5      | Noticed Pikel
  5107 | D:5      | Killed Pikel
  5220 | D:5      | Found an opulent altar of Gozag.
  5228 | D:5      | Became a worshipper of Gozag Ym Sagoz the Greedy
  5335 | D:5      | Learned a level 4 spell: Summon Lightning Spire
  5650 | D:5      | Noticed SnakkuSnakku7's ghost (weakling FoDe)
  5651 | D:5      | Found a transporter.
  5655 | D:5      | Found a transporter.
  5761 | D:6      | Noticed Sigmund
  5780 | D:6      | Reached skill level 7 in Dodging
  5857 | D:6      | Reached skill level 5 in Spellcasting
  5890 | D:6      | Reached skill level 1 in Air Magic
  5890 | D:6      | Reached XP level 9. HP: 21/45 MP: 2/17
  5993 | D:6      | Noticed Prince Ribbit
  6001 | D:6      | Killed Prince Ribbit
  6023 | D:6      | Killed Sigmund
  6024 | D:6      | Reached skill level 5 in Fire Magic
  6408 | D:6      | Found a blossoming altar of Fedhas.
  6487 | D:6      | Found a radiant altar of Vehumet.
  7052 | D:6      | Found a runed translucent door.
  7053 | D:6      | Noticed Crazy Yiuf
  7139 | D:6      | Found a staircase to the Ecumenical Temple.
  7141 | D:6      | Noticed Eustachio
  7243 | D:6      | Killed Eustachio
  7358 | Temple   | Entered the Ecumenical Temple
  7428 | D:6      | Reached skill level 8 in Dodging
  7500 | D:6      | Reached skill level 5 in Fighting
  8726 | D:7      | Reached XP level 10. HP: 51/51 MP: 13/19
  8726 | D:7      | Gained a life (2 lives remaining)
  9389 | D:8      | Found a broken altar of Ashenzari.
  9488 | D:8      | Found a white marble altar of Elyvilon.
  9509 | D:8      | Noticed Grum
  9531 | D:8      | Killed Grum
  9725 | D:8      | Identified the +3 chain mail "Ejualoyr" {Rampage rN+ Int+5
                  | Stlth-}
 10142 | D:8      | Noticed Jeremiah
 10154 | D:8      | Killed Jeremiah
 10155 | D:8      | Reached skill level 9 in Dodging
 10934 | D:8      | Reached skill level 5 in Air Magic
 12221 | D:9      | Found a burning altar of Makhleb.
 12705 | D:10     | Entered Level 10 of the Dungeon
 12774 | D:10     | Reached XP level 11. HP: 26/58 MP: 12/22
 12946 | D:10     | Noticed a +0 hand axe
 12947 | D:10     | Found a hide-covered altar of Uskayaw.
 12947 | D:10     | Noticed a +0 dagger
 12977 | D:10     | Found a sacrificial altar of Ru.
 13409 | D:10     | Reached skill level 10 in Dodging
 13571 | D:10     | Found a staircase to the Lair.
 15700 | D:12     | Noticed a two-headed ogre
 15709 | D:12     | Killed a two-headed ogre
 15710 | D:12     | Reached skill level 1 in Conjurations
 15710 | D:12     | Reached skill level 1 in Alchemy
 16023 | D:12     | Found a gate leading to a gauntlet.
 16171 | D:12     | Found a staircase to the Orcish Mines.
 17201 | Lair:1   | Entered Level 1 of the Lair of Beasts
 17222 | Lair:1   | Noticed a death yak
 17223 | Lair:1   | Noticed a death yak
 17223 | Lair:1   | Noticed a death yak
 17225 | Lair:1   | Noticed a death yak
 17239 | Lair:1   | Killed a death yak
 17243 | Lair:1   | Killed a death yak
 17244 | Lair:1   | Reached skill level 11 in Dodging
 17248 | Lair:1   | Learned a level 3 spell: Mephitic Cloud
 17259 | Lair:1   | Noticed a death yak
 17628 | Lair:1   | Slain by a death yak
 17628 | Lair:1   | Lost a life (1 life remaining)
 17722 | Lair:1   | Killed a death yak
 17723 | Lair:1   | Gained mutation: Your thick and shaggy fur keeps you warm.
                  | (AC +3, rC+) [Felid growth]
 17723 | Lair:1   | Reached XP level 12. HP: 64/64 MP: 11/24
 17734 | Lair:1   | Killed a death yak
 17744 | Lair:1   | Killed a death yak
 17948 | Lair:1   | You fall into a shaft and drop 1 floor!
 18084 | Lair:2   | Noticed a death yak
 18101 | Lair:2   | Noticed a death yak
 18102 | Lair:2   | Noticed a death yak
 18104 | Lair:2   | Noticed a death yak
 18104 | Lair:2   | Noticed a death yak
 18106 | Lair:2   | Killed a death yak
 18110 | Lair:2   | Noticed a death yak
 18116 | Lair:2   | Killed a death yak
 18121 | Lair:2   | Killed a death yak
 18124 | Lair:2   | Killed a death yak
 18129 | Lair:2   | Killed a death yak
 18134 | Lair:2   | Killed a death yak
 18322 | Lair:2   | Reached skill level 12 in Dodging
 18424 | Lair:2   | Reached skill level 10 in Summonings
 18457 | Lair:2   | Reached skill level 10 in Stealth
 19618 | Lair:2   | Reached XP level 13. HP: 45/70 MP: 15/27
 19618 | Lair:2   | Gained a life (2 lives remaining)
 20531 | Lair:3   | Reached skill level 13 in Dodging
 20664 | Lair:3   | Found a staircase to the Shoals.
 21044 | Lair:3   | Found a hole to the Spider Nest.
 21847 | Lair:4   | Reached skill level 10 in Fighting
 22400 | Lair:4   | Reached skill level 10 in Spellcasting
 22983 | Lair:4   | Reached skill level 14 in Dodging
 23731 | Lair:4   | Noticed Nessos
 23744 | Lair:4   | Killed Nessos
 24000 | Lair:4   | Bought a scroll of blinking for 120 gold pieces
 24000 | Lair:4   | Bought a sack of spiders for 640 gold pieces
 24030 | Lair:5   | Entered Level 5 of the Lair of Beasts
 24030 | Lair:5   | Noticed Sonja
 24030 | Lair:5   | Found a staircase to the Slime Pits.
 24030 | Lair:5   | Found a viscous altar of Jiyva.
 24774 | Lair:5   | Killed Sonja
 24881 | Lair:5   | Reached XP level 14. HP: 39/79 MP: 1/29
 25337 | Lair:5   | Reached skill level 15 in Dodging
 25889 | Lair:5   | Killed from afar by a molten gargoyle
 25889 | Lair:5   | Lost a life (1 life remaining)
 26257 | Lair:5   | HP: 1/79 [molten gargoyle/bolt of magma (26)]
 27300 | Lair:5   | Found a large runed translucent door.
 27301 | Lair:5   | Found a large runed translucent door.
 28132 | Orc:1    | Entered Level 1 of the Orcish Mines
 28521 | Orc:1    | Reached skill level 15 in Stealth
 28820 | Orc:1    | Found Racayhog's Overcharged Wands.
 29031 | Orc:2    | Entered Level 2 of the Orcish Mines
 29031 | Orc:2    | Noticed an orc warlord
 29031 | Orc:2    | Found Ymeihenn's Antique Armour Boutique.
 29043 | Orc:2    | Found Arexiat's Book Emporium.
 29240 | Orc:2    | Reached skill level 16 in Dodging
 29271 | Orc:2    | Found Ruofu's Antique Weapon Shop.
 30106 | Orc:2    | Paralysed by an orc sorcerer for 4 turns
 30110 | Orc:2    | HP: 2/80 [warg (20)]
 32892 | Orc:2    | Killed an orc warlord
 34016 | Orc:2    | Bought a book of the Wilderness for 418 gold pieces
 34022 | Orc:2    | Learned a level 5 spell: Summon Forest
 34028 | Orc:2    | Learned a level 5 spell: Summon Mana Viper
 34058 | Orc:2    | Found Umi Galu's General Store.
 34066 | Orc:2    | Bought a potion of curing for 39 gold pieces
 34066 | Orc:2    | Bought a scroll of fear for 52 gold pieces
 34066 | Orc:2    | Bought a potion of resistance for 130 gold pieces
 34126 | Orc:2    | Found a staircase to the Elven Halls.
 34487 | D:13     | Reached XP level 15. HP: 48/85 MP: 2/31
 34742 | D:13     | Identified the +1 flail "Supsaog" {freeze, rElec Str+3}
 34786 | D:13     | HP: 3/85 [red ugly thing (7)]
 34786 | D:13     | Slain by a red ugly thing
 34786 | D:13     | Lost a life (0 lives remaining)
 36009 | D:14     | Reached skill level 17 in Dodging
 36895 | D:14     | Found a gate to the Vaults.
 37206 | D:15     | Entered Level 15 of the Dungeon
 37741 | D:15     | HP: 1/85 [tengu warrior/+0 dire flail (20)]
 37744 | D:15     | Slain by a tengu warrior

Illustrated notes

Levels and vault maps discovered:
D:1:      lightli_arrival_maybe_door_vault, layout_loops_ring
D:2:      layout_rooms, basic_ecumenical_altar, st_stairs_7
D:3:      layout_basic, amcnicky_altar_gilded, general_overflow_altar
D:4:      layout_rooms, nicolae_yredelemnul_corpse_copse
D:5:      layout_basic, nicolae_gozag_cash_rules_everything_around_me,
          gammafunk_ghost_smash, minmay_misc_feat_nine_boxes, uniq_pikel
D:6:      layout_loops_ring, kennysheep_mini_moat,
          mainiacjoe_overflow_tiny_flanked,
          minmay_temple_entry_drinking_statues, kennysheep_generic_room_6,
          uniq_crazy_yiuf_cottage, uniq_eustachio, uniq_prince_ribbit1,
          uniq_sigmund
D:7:      layout_basic
D:8:      layout_basic, mainiacjoe_overflow_cross_hatched,
          nicolae_ashenzari_skybound, minmay_manual_mandibuliform,
          uniq_jeremiah, uniq_grum
D:9:      layout_irregular_city, mainiacjoe_overflow_alcove_1
D:10:     layout_grid_maze, dancing_weapons_uskayaw,
          nicolae_ru_great_annihilating_truth, lair_entry_dummy, special_room
          [special_room_orc]
D:11:     layout_small_grid
D:12:     layout_layer_cave, orc_0_dummy, gauntlet_entry_generic,
          serial_bayou_pond_d
D:13:     layout_big_octagon, kennysheep_generic_room_5
D:14:     layout_basic, david_vaults_4, dreamdust_mushroom_princess
D:15:     gammafunk_depths_entry_grave, layout_basic,
          nicolae_qazlal_general_emergency
Temple:   nicolae_temple_ecumenical_triangle
Lair:1:   layout_loops_ring, nicolae_lair_lindhole
Lair:2:   layout_gridlike, infiniplex_staircase_pool
Lair:3:   layout_misc_corridors, minmay_shoals_entry_lonely_mermaid,
          spider_nest_entry_a, bh_autumn_forest_stairs, minivault_11
Lair:4:   layout_cave_pods, uniq_nessos
Lair:5:   cheibrodos_lair_end_hotspot, layout_regular_city,
          nicolae_slime_entry_field_trip, uniq_sonja
Orc:1:    layout_caves, nicolae_shop_overcharged_wands
Orc:2:    grunt_orc_gardens, layout_diamond_mine, grunt_orc_garden,
          grunt_orc_garden, grunt_orc_garden, grunt_orc_garden

Skill      XL: |  1  2  3  4  5  6  7  8  9 10 11 12 13 14 15 |
---------------+----------------------------------------------+-----
Stealth        | 3 4 5 7 10 13 16 | 16.7
Dodging        | 3 4 5 6 7 8 9 11 12 14 16 17 | 17.1
Spellcasting   | 3 4 5 6 7 9 10 11 | 11.2
Fighting       | 1 2 3 4 5 6 7 9 11 12 13 | 13.1
Summonings     | 5 6 7 8 9 10 11 | 11.4
Fire Magic     | 1 2 4 5 |  5.0
Air Magic      | 1 4 6 7 |  7.0
Conjurations   | 2 3 |  3.0
Alchemy        | 2 3 |  3.0

Action                     |  1- 3 |  4- 6 |  7- 9 | 10-12 | 13-15 || total
---------------------------+-------+-------+-------+-------+-------++-------
  Melee: Unarmed           |    35 |    19 |    56 |    72 |   116 ||   298
         Bite              |     2 |     1 |     9 |     9 |    17 ||    38
         Punch             |       |       |     2 |     3 |     3 ||     8
   Cast: Summon Small Mamm |    44 |    34 |    39 |    30 |    37 ||   184
         Call Imp          |    13 |    17 |    33 |    29 |    35 ||   127
         Call Canine Famil |     4 |     8 |    25 |    15 |    43 ||    95
         Summon Blazeheart |       |     2 |    28 |    97 |   117 ||   244
         Summon Lightning  |       |       |     2 |    23 |    91 ||   116
         Mephitic Cloud    |       |       |       |       |    47 ||    47
         Summon Forest     |       |       |       |       |     6 ||     6
         Summon Mana Viper |       |       |       |       |     5 ||     5
 Invoke: Call Merchant     |       |       |       |       |     1 ||     1
  Evoke: Wand              |       |       |       |     3 |    18 ||    21
         Sack of spiders   |       |       |       |       |     1 ||     1
    Use: Potion            |     1 |       |     1 |       |    16 ||    18
         Scroll            |       |     1 |    15 |     6 |    20 ||    42
   Stab: Sleeping          |     2 |     7 |     1 |     2 |     1 ||    13
         Distracted        |       |     1 |       |       |     3 ||     4
         Paralysed         |       |       |       |       |     1 ||     1
         Confused          |       |       |       |       |     9 ||     9
 Armour: Skin              |    21 |     9 |    29 |    73 |   187 ||   319
  Dodge: Dodged            |    48 |    18 |    93 |   189 |   503 ||   851
